 Dungeon Crawl Stone Soup version 0.23-a0-667-gc184e93 (console) character file.

7 Duffy the Firebug (level 1, 1/13 HPs)
             Began as a Demonspawn Fire Elementalist on Jan 8, 2019.
             Quit the game on level 3 of the Dungeon.
             The game lasted 00:00:27 (202 turns).

Duffy the Firebug (Demonspawn Fire Elementalist)     Turns: 202, Time: 00:00:28

Health: 1/13       AC:  2    Str:  8    XL:     1   Next: 91%
Magic:  0/3        EV: 12    Int: 16    God:
Gold:   6          SH:  0    Dex: 13    Spells: 3/4 levels left

rFire    . . .     SeeInvis .   (no weapon)
rCold    . . .     Gourm    .   (no shield)
rNeg     . . .     Faith    .   a - +0 robe
rPois    .         Spirit   .   (no helmet)
rElec    .         Reflect  .   (no cloak)
rCorr    .         Harm     .   (no gloves)
MR       .....                  (no boots)
Stlth    ++........             (no amulet)
HPRegen  0.04/turn              (no ring)
MPRegen  0.08/turn              (no ring)

@: no status effects
A: no striking features
a: no special abilities


You were on level 3 of the Dungeon.
You were not hungry.

You visited 1 branch of the dungeon, and saw 3 of its levels.

You collected 6 gold pieces.

Inventory:

Armour
 a - a +0 robe (worn)
Comestibles
 c - a ration
 d - 2 chunks of flesh


   Skills:
 - Level 1.7 Dodging
 - Level 1.7 Stealth
 - Level 2.0 Spellcasting
 + Level 2.0 Conjurations
 - Level 2.6 Fire Magic


You had 3 spell levels left.
You knew the following spells:

 Your Spells              Type           Power        Failure   Level  Hunger
h - Flame Tongue          Conj/Fire      #....        8%          1    #......

Your spell library contained the following spells:

 Spells                   Type           Power        Failure   Level  Hunger
 Throw Flame              Conj/Fire      #.....       12%         2    ###....
 Conjure Flame            Conj/Fire      #.......     24%         3    ###....
 Inner Flame              Hex/Fire       #.......     34%         3    ###....
 Sticky Flame             Conj/Fire      #.......     61%         4    #####..
 Fireball                 Conj/Fire      #.........   91%         5    ######.


Dungeon Overview and Level Annotations

Branches:
Dungeon (3/15)

Altars:
Ashenzari
Hepliaklqana
Yredelemnul


Message History

You don't have enough magic to cast that spell.
The bat misses you. The bat hits you but does no damage.
The leopard gecko misses you. The ball python bites you.
The ball python barely misses you. The leopard gecko closely misses you.
The bat barely misses you. The ball python bites you.
The ball python grabs you. The ball python constricts you.
You escape the ball python's grasp.
You aren't carrying any potions.
Found a stone staircase leading down.
As you read the scroll labeled TINAISAMUL, it crumbles to dust.
It is a scroll of identify.
You don't have any unidentified items.
The ball python barely misses you. The ball python grabs you.
The ball python constricts you.
Casting: Flame Tongue (safe; 8% risk of failure)
Confirm with . or Enter, or press ? or * to list all spells.
You don't have enough magic to cast that spell.
You escape the ball python's grasp.
Found a ring mail and 5 gold pieces.
Are you sure you want to abandon this character and quit the game? (Confirm

.## #.. .
..##.#####..
......)....
.........
###.......#
##.)l..#
#...#.##
#.b##S##
....###.@#
#.....
##........
#.....
###......
......
......
#..... ..>..
.... .....
.... [$..


You could see a leopard gecko and a ball python.

Vanquished Creatures
  2 bats (D:2)
  A giant cockroach (D:1)
  A hobgoblin (D:3)
  A kobold (D:1)
  A frilled lizard (D:2)
  A rat (D:1)
7 creatures vanquished.

Notes
Turn   | Place    | Note
-------+----------+-------------------------------------------
     0 | D:1      | Duffy the Demonspawn Fire Elementalist began the quest for
                  | the Orb.
     0 | D:1      | Reached XP level 1. HP: 13/13 MP: 3/3
    72 | D:2      | Found a basalt altar of Yredelemnul.
    72 | D:2      | Found a shattered altar of Ashenzari.
   109 | D:2      | Found a hazy altar of Hepliaklqana.
   202 | D:3      | Quit the game

Vault maps used:
D:1:      dpeg_arrival_houses_and_road, chequers_hall_statues_y
D:2:      nicolae_overflow_hidden_temple, nicolae_overflow_crystal_walls,
          first_ration
D:3:      okawaru_altar_gauntlet_db, uniq_crazy_yiuf_cottage

Skill      XL: |  1 |
---------------+----+-----
Conjurations   | 2 |  2.0
Dodging        | |  1.7
Stealth        | |  1.7
Spellcasting   | |  2.0
Fire Magic     | |  2.6

Action                   || total
-------------------------++-------
 Cast: Flame Tongue      ||    11
  Use: Scroll            ||     1
Armor: Robe              ||     6
Dodge: Dodged            ||    11

Table legend:
 A = Non-vault XP
 B = Vault XP
 C = Vault XP percentage of total XP
 D = Non-vault monster count
 E = Vault monster count
 F = Vault count percentage of total count
                 A         B        C        D         E       F
            +---------+---------+-------+---------+---------+-------
      Total |      11 |       0 |   0.0 |       7 |       0 |   0.0
            +---------+---------+-------+---------+---------+-------
        D:1 |       5 |       0 |   0.0 |       3 |       0 |   0.0
        D:2 |       4 |       0 |   0.0 |       3 |       0 |   0.0
        D:3 |       2 |       0 |   0.0 |       1 |       0 |   0.0
            +---------+---------+-------+---------+---------+-------
